 Dungeon Crawl Stone Soup version 0.22-a0-136-g83a10e5 (webtiles) character file.

2050 Lathuz the Destroyer (level 9, -10/45 HPs)
             Began as a Deep Elf Fire Elementalist on Feb 3, 2018.
             Was an Initiate of Vehumet.
             Killed from afar by a hell hound (15 damage)
             ... with a blast of flame
             ... on level 8 of the Dungeon.
             The game lasted 00:20:43 (7238 turns).

Lathuz the Destroyer (Deep Elf Fire Elementalist)   Turns: 7238, Time: 00:20:44

Health: -10/45     AC:  5    Str:  5    XL:     9   Next: 4%
Magic:  22/22      EV: 13    Int: 26    God:    Vehumet [......]
Gold:   263        SH:  5    Dex: 15    Spells: 8/23 levels left

rFire    . . .     SeeInvis .   J - +0 dagger (venom)
rCold    . . .     Gourm    .   u - +0 buckler
rNeg     . . .     Faith    .   a - +0 robe
rPois    .         Spirit   .   (no helmet)
rElec    .         Reflect  .   (no cloak)
rCorr    .         Harm     .   (no gloves)
MR       .....                  i - +1 pair of boots
Stlth    ++........             f - amulet of magic regeneration
HPRegen  0.15/turn              m - +1 ring of protection
MPRegen  0.43/turn              L - +2 ring of intelligence

@: no status effects
A: no striking features
a: Renounce Religion


You were on level 8 of the Dungeon.
You worshipped Vehumet.
Vehumet was noncommittal.
You were not hungry.

You visited 2 branches of the dungeon, and saw 9 of its levels.

You collected 263 gold pieces.

Inventory:

Hand Weapons
 J - a +0 dagger of venom (weapon)
Missiles
 d - 18 tomahawks
 e - 4 javelins (quivered)
 g - 351 stones
Armour
 a - a +0 robe (worn)
 i - a +1 pair of boots (worn)
 u - a +0 buckler (worn)
Jewellery
 f - an amulet of magic regeneration (around neck)
 m - a +1 ring of protection (left hand)
 L - a +2 ring of intelligence (right hand)
Wands
 l - a wand of acid (20)
 y - a wand of iceblast (10)
 B - a wand of random effects (28)
 H - a wand of paralysis (9)
Scrolls
 j - 2 scrolls of amnesia
 k - a scroll of noise {unknown}
 q - a scroll of enchant armour {unknown}
 r - 2 scrolls of enchant weapon {unknown}
 s - 2 scrolls of fog {unknown}
 w - 5 scrolls of remove curse
 z - 2 scrolls of teleportation {unknown}
 D - a scroll of magic mapping {unknown}
 F - a scroll of fear {unknown}
Potions
 h - 2 potions of haste {unknown}
 o - a potion of heal wounds
 t - a potion of lignification {unknown}
 v - 3 potions of curing {unknown}
 x - a potion of brilliance {unknown}
 C - a potion of ambrosia {unknown}
 E - a potion of flight {unknown}
 G - a potion of magic {unknown}
Books
 b - a book of Flames

   Spells                             Type                      Level
   a - Flame Tongue                   Conjuration/Fire             1
   b - Throw Flame                    Conjuration/Fire             2
   c - Conjure Flame                  Conjuration/Fire             3
   d - Inner Flame                    Hexes/Fire                   3
   e - Sticky Flame                   Conjuration/Fire             4
   f - Fireball                       Conjuration/Fire             5
 n - a book of Cantrips

   Spells                             Type                      Level
   a - Confusing Touch                Hexes                        1
   b - Animate Skeleton               Necromancy                   1
   c - Summon Small Mammal            Summoning                    1
   d - Apportation                    Translocation                1
 A - a book of Frost

   Spells                             Type                      Level
   a - Freeze                         Ice                          1
   b - Throw Frost                    Conjuration/Ice              2
   c - Ozocubu's Armour               Charms/Ice                   3
   d - Throw Icicle                   Conjuration/Ice              4
   e - Summon Ice Beast               Ice/Summoning                4
 K - a book of Maledictions

   Spells                             Type                      Level
   a - Corona                         Hexes                        1
   b - Ensorcelled Hibernation        Hexes/Ice                    2
   c - Confuse                        Hexes                        3
   d - Tukima's Dance                 Hexes                        3
   e - Dazzling Spray                 Conjuration/Hexes            3
Comestibles
 c - 15 rations
 I - 3 chunks of flesh


   Skills:
 - Level 2.4 Dodging
 - Level 2.4 Stealth
 + Level 3.7 Shields
 + Level 7.6 Spellcasting
 * Level 8.4 Conjurations
 + Level 6.8 Fire Magic


You had 8 spell levels left.
You knew the following spells:

 Your Spells              Type           Power        Failure   Level  Hunger
a - Flame Tongue          Conj/Fire      #####        1%          1    None
b - Throw Flame           Conj/Fire      #####.       1%          2    None
c - Conjure Flame         Conj/Fire      #####...     1%          3    None
d - Sticky Flame          Conj/Fire      #####...     2%          4    ##.....
e - Fireball              Conj/Fire      #####.....   7%          5    #####..


Dungeon Overview and Level Annotations

Branches:
Dungeon (8/15)             Temple (1/1) D:6
   Lair: D:8-11

Altars:
Cheibriados
Elyvilon
Fedhas
Hepliaklqana
Kikubaaqudgha
Makhleb
Qazlal
Sif Muna
Uskayaw
Vehumet
Xom
Yredelemnul
Zin
The Shining One


Message History

Confirm with . or Enter, or press ? or * to list all spells.
You can't see any susceptible monsters within range! (Use Z to cast anyway.)
Casting: Flame Tongue (safe; 1% risk of failure)
Confirm with . or Enter, or press ? or * to list all spells.
You can't see any susceptible monsters within range! (Use Z to cast anyway.)
The hell hound breathes flames at you. The blast of flame hits you!
A hound comes into view.
The hell hound breathes flames at you. The blast of flame hits you!
The hell hound pauses to sniff the ground.
The hell hound misses you. The hell hound bites you. The hell hound misses you.
The hell hound breathes flames at you. The blast of flame hits you!
* * * LOW HITPOINT WARNING * * *
The hell hound breathes flames at you. The blast of flame hits you!
You die...

#..##################
#.......#.<^.........
#.#####.#.#####.###.#
#># #.#)## #.# #.#
####.#####....####.#
#.#
#.......##)....[...#
#.#
#.#####.###...####.#
#.# #.# #.# ##.## #.#
#.# #.# #@# #.# #.#
#.# #.# #.# #.#
##.###.# #.#####h#
#.####...##.#
#.......#
#...........#
##.######
######.<.#### #.#
##.## #.# #.# #.# #.#
#.# ..#


You could see a hell hound.

Vanquished Creatures
  Eustachio (D:4)
  2 orc warriors (D:6)
  2 ice beasts
  2 ogres (D:7)
  A centaur (D:7)
  A big kobold (D:4)
  2 bullfrogs
  A howler monkey (D:6)
  A wight (D:8)
  4 hounds
  A jelly (D:5)
  3 bullfrog skeletons
  A gnoll shaman (D:5)
  3 orc priests
  3 iguanas
  3 orc wizards
  Natasha (thrice) (D:3)
  5 worker ants
  A hound zombie (D:7)
  8 gnolls
  7 adders
  A howler monkey skeleton (D:6)
  A shadow imp (D:7)
  An ooze (D:2)
  An adder zombie (D:3)
  4 worms
  2 dart slugs
  2 leopard geckos
  13 orcs
  10 bats
  6 giant cockroaches
  10 goblins
  5 hobgoblins
  6 jackals
  8 quokkas
  A ball python (D:3)
  8 frilled lizards
  A jackal zombie (D:6)
  7 kobolds
  A quokka zombie (D:5)
  5 rats
148 creatures vanquished.

Notes
Turn   | Place    | Note
-------+----------+-------------------------------------------
     0 | D:1      | Lathuz the Deep Elf Fire Elementalist began the quest for the Orb.
     0 | D:1      | Reached XP level 1. HP: 10/10 MP: 6/6
   287 | D:1      | Reached XP level 2. HP: 15/15 MP: 6/8
   291 | D:1      | Learned a level 2 spell: Throw Flame
   329 | D:1      | Reached skill level 2 in Conjurations
  1014 | D:2      | Reached XP level 3. HP: 19/19 MP: 1/10
  1111 | D:2      | Learned a level 3 spell: Conjure Flame
  1571 | D:2      | Found an ancient bone altar of Kikubaaqudgha.
  1633 | D:3      | Noticed Natasha
  1637 | D:3      | Killed Natasha
  1637 | D:3      | Reached skill level 3 in Conjurations
  1637 | D:3      | Reached XP level 4. HP: 19/24 MP: 3/12
  1640 | D:3      | Noticed Natasha
  1658 | D:2      | Learned a level 4 spell: Sticky Flame
  1699 | D:3      | Killed Natasha
  1806 | D:3      | Found a stormy altar of Qazlal.
  1807 | D:3      | Found a deep blue altar of Sif Muna.
  1807 | D:3      | Found a white marble altar of Elyvilon.
  1809 | D:3      | Found a blossoming altar of Fedhas.
  1809 | D:3      | Found a glowing golden altar of the Shining One.
  1855 | D:3      | Noticed Natasha
  1859 | D:3      | Killed Natasha
  1859 | D:3      | Reached XP level 5. HP: 28/28 MP: 6/13
  2105 | D:3      | Found a shimmering altar of Xom.
  2232 | D:4      | Reached skill level 4 in Conjurations
  2898 | D:4      | Reached skill level 1 in Shields
  2898 | D:4      | Reached XP level 6. HP: 32/32 MP: 9/15
  2923 | D:4      | Noticed Eustachio
  3055 | D:4      | Reached skill level 5 in Spellcasting
  3065 | D:4      | Learned a level 5 spell: Fireball
  3067 | D:4      | Found a glowing silver altar of Zin.
  3292 | D:4      | Killed Eustachio
  3292 | D:4      | Reached skill level 5 in Conjurations
  3292 | D:4      | Reached skill level 5 in Fire Magic
  3432 | D:5      | Entered Level 5 of the Dungeon
  3432 | D:5      | Noticed an ice beast
  3438 | D:4      | Killed an ice beast
  3438 | D:4      | Reached XP level 7. HP: 20/36 MP: 9/17
  4434 | D:5      | Reached skill level 6 in Conjurations
  5592 | D:6      | Reached XP level 8. HP: 41/41 MP: 15/19
  5828 | D:6      | Reached skill level 7 in Conjurations
  5894 | D:7      | Found a hide-covered altar of Uskayaw.
  6051 | D:6      | HP: 1/41 [orc warrior/tomahawk (19)]
  6360 | D:6      | Found a deep blue altar of Sif Muna.
  6401 | D:6      | Found a snail-covered altar of Cheibriados.
  6460 | D:6      | Found a staircase to the Ecumenical Temple.
  6484 | Temple   | Entered the Ecumenical Temple
  6496 | Temple   | Became a worshipper of Vehumet
  6575 | D:7      | Reached skill level 8 in Conjurations
  7134 | D:8      | Reached XP level 9. HP: 45/45 MP: 17/22
  7238 | D:8      | Killed from afar by a hell hound

Vault maps used:
D:1:      dpeg_arrival_tiny_a, minmay_close_crescents
D:2:      lemuel_zombie_altar_kikubaaqudgha
D:3:      grunt_temple_overflow_open, lemuel_doored_altar, led_xom_imps,
          uniq_natasha
D:4:      zin_statuary, uniq_eustachio
D:5:      first_ration, kennysheep_nondescript, supply_closet_lemuel
D:6:      slow_altar_1, minmay_temple_entry_glass, lemuel_blue_sif_altar
D:7:      eat_drink_and_be_merry_uskayaw
D:8:      grunt_dithmenos_smoke, minmay_lair_entry_lava
Temple:   compressed_dpeg_triangle_lava_temple

Skill      XL: |  1  2  3  4  5  6  7  8 |
---------------+-------------------------+-----
Conjurations   | 2 3 4 5 6 8 |  8.4
Spellcasting   | 4 5 6 7 |  7.6
Fire Magic     | 4 5 6 |  6.8
Shields        | 1 2 3 |  3.7
Dodging        | |  2.4
Stealth        | |  2.4

Action                   |  1- 3 |  4- 6 |  7- 9 || total
-------------------------+-------+-------+-------++-------
Melee: Short sword       |     1 |       |       ||     1
       Dagger            |       |       |    60 ||    60
Throw: Stone             |     4 |       |       ||     4
 Cast: Flame Tongue      |    25 |    47 |   105 ||   177
       Throw Flame       |    40 |    41 |    73 ||   154
       Sticky Flame      |       |     3 |     8 ||    11
       Conjure Flame     |       |       |     6 ||     6
       Fireball          |       |       |     4 ||     4
  Use: Scroll            |       |     2 |     5 ||     7
       Potion            |       |       |     1 ||     1
  Eat: Chunk             |     3 |     3 |    14 ||    20
       Ration            |       |     1 |       ||     1
Armor: Robe              |     1 |     4 |    15 ||    20
Dodge: Dodged            |     9 |    20 |    51 ||    80
Block: Buckler           |       |     2 |    18 ||    20

Table legend:
 A = Spawn XP
 B = Non-spawn XP
 C = Spawn XP percentage of total XP
 D = Spawn monster count
 E = Non-spawn monster count
 F = Spawn count percentage of total count
 G = Total turns spent on level
                    A         B        C        D         E        F      G
               +---------+---------+-------+---------+---------+-------+---------
         Total |       0 |    2929 |   0.0 |       0 |     148 |   0.0 |  7238
               +---------+---------+-------+---------+---------+-------+---------
           D:1 |       0 |      38 |   0.0 |       0 |      21 |   0.0 |  1009
           D:2 |       0 |      36 |   0.0 |       0 |      19 |   0.0 |   633
           D:3 |       0 |     145 |   0.0 |       0 |      21 |   0.0 |   483
           D:4 |       0 |     620 |   0.0 |       0 |      17 |   0.0 |  1586
           D:5 |       0 |     510 |   0.0 |       0 |      25 |   0.0 |  1852
           D:6 |       0 |     740 |   0.0 |       0 |      26 |   0.0 |   868
           D:7 |       0 |     622 |   0.0 |       0 |      12 |   0.0 |   578
           D:8 |       0 |     218 |   0.0 |       0 |       7 |   0.0 |   209
               +---------+---------+-------+---------+---------+-------+---------
